 Dungeon Crawl Stone Soup version 0.26-a0-850-g97a50ab700 (webtiles) character file.

Game seed: 18156782703135477982

114 robertstho the Chiller (level 4, 0/24 HPs)
             Began as a Deep Elf Ice Elementalist on Nov 20, 2020.
             Killed by divine providence
             ... invoked by an orc priest
              (14 damage)
             ... on level 3 of the Dungeon.
             The game lasted 00:03:06 (2914 turns).

robertstho the Chiller (Deep Elf Ice Elementalist)  Turns: 2914, Time: 00:03:06

Health: 0/24       AC:  2    Str:  5    XL:     4   Next: 66%
Magic:  10/12      EV: 13    Int: 21    God:
Gold:   144        SH:  0    Dex: 15    Spells: 4/11 levels left

rFire    . . .     SeeInvis .   c - +0 dagger
rCold    . . .     Faith    .   (no shield)
rNeg     . . .     Spirit   .   a - +0 robe
rPois    .         Reflect  .   (no helmet)
rElec    .         Harm     .   (no cloak)
rCorr    .         Rampage  .   (no gloves)
MR       .....                  (no boots)
Stlth    ++........             (no amulet)
HPRegen  0.08/turn              (no ring)
MPRegen  0.13/turn              (no ring)

@: no status effects
A: no striking features
a: no special abilities


You were on level 3 of the Dungeon.
You visited 1 branch of the dungeon, and saw 3 of its levels.

You collected 144 gold pieces.

Inventory:

Hand Weapons
 c - a +0 dagger (weapon)
Missiles
 g - 34 poisoned darts (quivered)
Armour
 a - a +0 robe (worn)
Scrolls
 e - 3 scrolls of amnesia {unknown}
 f - 6 scrolls of identify {unknown}
 k - a scroll of teleportation {unknown}
 m - 2 scrolls of random uselessness {unknown}
 n - 2 scrolls of blinking {unknown}
 s - a scroll of fog {unknown}
Potions
 b - 2 potions of mutation {unknown}
 d - a potion of lignification {unknown}
 h - 2 potions of flight {unknown}
 i - a potion of haste {unknown}
 j - a potion of heal wounds {unknown}
 l - a potion of resistance {unknown}
 o - a potion of degeneration {unknown}
 p - a potion of brilliance {unknown}
 q - a potion of curing {unknown}
 r - a potion of cancellation {unknown}


   Skills:
 + Level 0.2 Fighting
 + Level 0.4 Short Blades
 + Level 3.0 Dodging
 + Level 2.6 Stealth
 * Level 4.1 Spellcasting
 * Level 5.8 Ice Magic


You had 4 spell levels left.
You knew the following spells:

 Your Spells              Type           Power        Failure   Level
a - Freeze                Ice            ####         1%          1
b - Frozen Ramparts       Ice            ####..       3%          3
c - Ozocubu's Armour      Ice            ####....     3%          3

Your spell library contained the following spells:

 Spells                   Type           Power        Failure   Level
 Hailstorm                Conj/Ice       ###.....     34%         4
 Summon Ice Beast         Ice/Summ       ###.....     34%         4


Dungeon Overview and Level Annotations

Branches:
Dungeon (3/15)

Altars:
Nemelex Xobeh
Xom
The Shining One


Message History

You kill the jackal!
The wall freezes the orc.
The orc hits you but does no damage. Space warps horribly around you!
Things that are here:
a +0 club; a bat corpse You hit the orc.
The orc is heavily wounded.
The wall freezes the orc!
You kill the orc!
An adder and a goblin come into view.
The adder hisses angrily.
Items here: ) †††.
t - a +4 flail of distortion The frozen ramparts melt away.
Drop what? 20/52 slots (_ for help) (? for menu, Esc to quit)
You drop a +4 flail of distortion.
The orc priest mumbles some strange prayers to Beogh against you.
Beogh smites you!
Ouch! That really hurt!
You die...

##.####.####.#.#####.###.....
#...)..........#.....# #.....
#######......#.#.#######.....
###.#..................
#......#.#..###.#....
#.######.# # #.... #.######.#
##### #....)...# ####@#####
#..###≈≈≈ #.....≈≈. #S...o≈..
#...≈g... #...≈..≈≈ #....≈≈..
#.......⌠ #......≈≈


You could see an orc priest, an adder and a goblin.

Vanquished Creatures
  Terence (D:2)
  3 adders
  A worm (D:2)
  2 dart slugs
  2 leopard geckos (D:2)
  2 orcs
  8 bats
  A giant cockroach (D:2)
  5 goblins
  4 hobgoblins
  3 jackals
  4 kobolds
  A quokka (D:2)
  2 ball pythons
  4 frilled lizards
  8 rats
51 creatures vanquished.

Notes
Turn   | Place    | Note
-------+----------+-------------------------------------------
     0 | D:1      | robertstho the Deep Elf Ice Elementalist began the quest
                  | for the Orb.
     0 | D:1      | Reached XP level 1. HP: 10/10 MP: 6/6
   167 | D:1      | Reached XP level 2. HP: 11/15 MP: 5/8
   262 | D:1      | Reached skill level 5 in Ice Magic
   836 | D:2      | Found a shimmering altar of Xom.
  1054 | D:2      | Reached XP level 3. HP: 16/19 MP: 6/9
  1124 | D:2      | Learned a level 3 spell: Frozen Ramparts
  1128 | D:2      | Learned a level 3 spell: Ozocubu's Armour
  1203 | D:2      | Found a sparkling altar of Nemelex Xobeh.
  1661 | D:2      | Found a glowing golden altar of the Shining One.
  1796 | D:2      | Noticed Terence
  1806 | D:2      | Killed Terence
  1807 | D:2      | Reached XP level 4. HP: 15/24 MP: 8/12
  2914 | D:3      | Killed from afar by an orc priest

Illustrated notes

Levels and vault maps discovered:
D:1:      psy_arrival_spokes, layout_basic, minivault_19, st_stairs_14
D:2:      minmay_alternating_diamond, layout_loops_cross,
          nemelex_xobeh_ov_fountains_minmay, marbit_many_paths,
          nicolae_tso_swordbearing_angel, uniq_terence
D:3:      cheibrodos_helix_gallery, layout_basic, grunt_ministairs_15

Skill      XL: |  1  2  3  4 |
---------------+-------------+-----
Ice Magic      | 5 |  5.8
Spellcasting   | 4 |  4.1
Dodging        | 3 |  3.0
Fighting       | |  0.2
Short Blades   | |  0.4
Stealth        | |  2.6

Action                   |  1- 3 |  4- 6 || total
-------------------------+-------+-------++-------
Melee: Dagger            |    66 |    28 ||    94
 Cast: Freeze            |    29 |       ||    29
       Frozen Ramparts   |     4 |    10 ||    14
 Stab: Sleeping          |     2 |     2 ||     4
Armor: Robe              |    24 |     9 ||    33
Dodge: Dodged            |    70 |    27 ||    97

Table legend: (Time is in decaauts)
 A = Elapsed time spent in this place.
 B = Non-inter-level travel time spent in this place.
 C = Inter-level travel time spent in this place.
 D = Time resting spent in this place.
 E = Time spent auto-exploring this place.
 F = Levels seen in this place.
 G = Mean time per level.
                   A        B        C        D        E       F      G
               +--------+--------+--------+--------+--------+-----+--------+
         Total |   2912 |   2873 |     39 |      0 |   2510 |   3 |  970.7 |
       Dungeon |   2912 |   2873 |     39 |      0 |   2510 |   3 |  970.7 |
               +--------+--------+--------+--------+--------+-----+--------+

Top non-repeatable levels by time:
     D:2: 1557 daAuts
     D:1: 690 daAuts
     D:3: 664 daAuts
